Map: 10000 Feet LE

Players

Fjant

  • Race: Zerg Zerg
  • League: Grandmaster
  • Spawn Location: 11:00

LiquidClem (Clem) - Winner!

  • Race: Terran Terran
  • League: Grandmaster
  • Spawn Location: 5:00

VOD

Have the link to the VOD?

Description

Time

  • Played on: Jan. 31, 2026, 7:29 a.m.
  • Length: 8:41
Show
View Real Time Build Order
Export as new Build Order

Fjant Zerg 

Build Orders: Pool First 

Get SALT Encoding   

  12  0:00  Drone  
  13  0:10  Drone  
  14  0:15  Extractor  
  14  0:17  Drone  
  14  0:31  Spawning Pool  
  14  0:35  Drone  
  14  0:44  Extractor, Drone  
  15  0:53  Overlord  
  15  1:12  Drone  
  18  1:18  Zergling x4  
  18  1:21  Metabolic Boost  
  18  1:29  Queen  
  18  1:31  Zergling x2  
  21  1:48  Hatchery  
  21  1:54  Drone  
  21  2:15  Drone x2  
  22  2:22  Overlord  
  21  2:29  Overlord  
  21  2:30  Queen  
  21  2:31  Extractor  
  21  2:42  Drone x3  
  24  2:46  Drone  
  26  3:00  Zergling x2  
  26  3:01  Queen  
  26  3:03  Drone  
  30  3:08  Drone  
  31  3:13  Drone  
  31  3:14  Roach Warren  
  31  3:19  Zergling x2  
  32  3:20  Drone x2  
  32  3:24  Extractor  
  32  3:25  Drone  
  32  3:26  Drone  
  35  3:45  Extractor  
  34  3:50  Drone x2, Extractor  
  34  3:56  Overlord  
  34  3:57  Roach x4  
  42  4:06  Overlord  
  42  4:08  Roach  
  39  4:17  Roach  
  39  4:18  Roach  
  43  4:31  Roach x2  
  46  4:33  Zergling x2  
  46  4:34  Ravager  
  46  4:35  Ravager  
  46  4:38  Ravager  
  50  4:41  Zergling x2  
  50  4:45  Zergling x2  
  52  4:49  Ravager  
  52  4:51  Zergling x2  
  54  4:55  Zergling x2  
  54  4:59  Zergling x2  
  56  5:04  Ravager  
  55  5:09  Zergling x4  
  56  5:15  Zergling x2  
  56  5:18  Ravager  
  56  5:21  Ravager  
  59  5:23  Zergling x2  
  60  5:36  Overlord x2  
  60  5:55  Ravager  
  60  5:56  Zergling x8  
  65  6:00  Zergling x2  
  53  6:11  Zergling x6  
  53  6:16  Roach  
  44  6:26  Roach x2  
  42  6:34  Roach  
  42  6:37  Ravager, Roach  
  46  6:40  Roach  
  46  6:46  Roach  
  50  6:47  Ravager x2  
  50  6:52  Roach  
  54  6:56  Ravager  
  54  6:58  Zergling x4  
  57  7:01  Ravager  
  56  7:09  Zergling x6  
  56  7:16  Zergling x2  
  56  7:17  Zergling x4  
  56  7:18  Ravager  
  60  7:23  Zergling x2  
  61  7:34  Overlord  
  59  7:38  Roach x2  
  59  7:42  Zergling x4  
  65  7:46  Zergling x2  
  65  7:48  Ravager  
  67  7:52  Zergling x2  
  69  7:58  Zergling x4  
  69  7:59  Ravager  
  69  8:02  Zergling x2  
  69  8:04  Zergling x2  
  73  8:07  Zergling x2  
  73  8:09  Zergling x2  
  75  8:17  Zergling x4  
Show
View Real Time Build Order
Export as new Build Order

LiquidClem Terran - Winner!

Build Orders: Reaper Expand 

Get SALT Encoding   

  12  0:00  SCV  
  13  0:12  SCV  
  14  0:17  Supply Depot  
  14  0:24  SCV  
  15  0:38  SCV  
  15  0:39  Barracks  
  16  0:43  Refinery  
  16  0:50  SCV  
  17  1:03  SCV  
  18  1:15  SCV  
  19  1:27  Reaper, Orbital Command  
  20  1:37  Command Center  
  20  1:44  Supply Depot  
  20  1:52  SCV  
  21  1:58  Marine  
  22  2:02  Factory  
  22  2:08  Bunker  
  22  2:12  SCV  
  23  2:20  Barracks Reactor  
  23  2:24  SCV  
  24  2:36  Supply Depot, SCV  
  25  2:48  SCV  
  26  2:54  Command Center  
  26  2:59  Hellion  
  26  3:05  Hellion  
  30  3:07  SCV  
  31  3:17  Orbital Command  
  31  3:20  SCV  
  31  3:24  Barracks  
  32  3:27  Barracks Tech Lab  
  32  3:32  SCV  
  32  3:34  Hellion  
  35  3:38  Hellion  
  37  3:42  SCV  
  37  3:45  SCV  
  37  3:47  Marine  
  40  3:49  Stimpack  
  40  3:55  SCV  
  41  3:58  SCV  
  42  4:04  Marine  
  42  4:06  Orbital Command  
  42  4:07  SCV  
  44  4:16  Starport  
  44  4:18  Factory Reactor  
  44  4:20  SCV x2  
  43  4:25  Marine x3  
  43  4:30  Supply Depot  
  46  4:32  SCV  
  46  4:33  SCV x2, Bunker  
  49  4:39  Refinery  
  49  4:40  Refinery  
  49  4:41  Refinery  
  49  4:42  Marine  
  49  4:43  Marine  
  49  4:44  Marauder, SCV  
  54  4:46  SCV  
  54  4:47  Supply Depot  
  54  4:52  SCV  
  56  4:57  SCV  
  57  5:00  Factory Tech Lab, Marine x2  
  57  5:01  SCV  
  57  5:04  Medivac  
  57  5:06  Marine  
  61  5:15  Supply Depot  
  61  5:16  SCV  
  61  5:18  Marine  
  61  5:19  SCV  
  61  5:20  Marine  
  63  5:23  SCV  
  63  5:27  Marine  
  65  5:28  Supply Depot, Siege Tank, SCV  
  65  5:31  SCV  
  68  5:36  Marine  
  68  5:37  Marine  
  68  5:38  SCV  
  71  5:42  SCV  
  71  5:46  Marine  
  71  5:49  Medivac  
  74  5:51  SCV  
  74  5:54  Marine  
  74  5:55  Marine  
  77  6:00  SCV  
  77  6:04  Marine  
  77  6:09  SCV  
  77  6:11  SCV  
  74  6:13  Marine  
  74  6:14  SCV  
  71  6:19  Marine  
  71  6:21  SCV  
  71  6:22  Marine  
  71  6:23  SCV  
  72  6:26  SCV  
  72  6:30  Engineering Bay x2  
  71  6:33  Combat Shield  
  71  6:34  SCV  
  71  6:35  SCV, Barracks  
  71  6:38  SCV  
  71  6:39  Marine x2  
  76  6:46  SCV  
  77  6:47  Marine  
  77  6:50  Supply Depot, Siege Tank  
  77  6:53  SCV  
  82  6:56  Marine  
  82  6:57  Marine  
  82  6:58  SCV, Starport Reactor  
  82  6:59  Bunker  
  85  7:05  SCV, Orbital Command, Marine  
  87  7:10  Supply Depot, SCV  
  87  7:14  Marine  
  88  7:17  SCV  
  88  7:18  Barracks  
  88  7:19  Barracks  
  88  7:20  Marine  
  88  7:22  SCV  
  91  7:23  Siege Tank  
  91  7:25  Supply Depot  
  91  7:26  Marine  
  91  7:29  SCV  
  96  7:32  Supply Depot  
  96  7:33  Marine  
  96  7:34  Marine x2  
  96  7:35  SCV  
  100  7:37  Supply Depot, Marine  
  100  7:39  Medivac  
  100  7:42  Medivac  
  100  7:44  SCV  
  104  7:45  Supply Depot  
  104  7:48  Marine  
  104  7:49  SCV x2  
  104  7:51  Marine  
  108  7:54  Marine  
  108  7:56  SCV  
  110  7:58  Supply Depot  
  110  7:59  Marine x2  
  110  8:01  SCV  
  110  8:02  SCV  
  110  8:04  Armory  
  114  8:07  Siege Tank  
  114  8:08  Barracks Reactor  
  114  8:09  SCV  
  114  8:10  Marine  
  114  8:12  Barracks Reactor  
  119  8:18  Marine, Refinery  
  123  8:23  Marine  
  123  8:25  SCV x2  
  123  8:26  SCV  
  120  8:36  Factory  
Tags
 
Add a new tag
Caveats
  • Supply blocks, unpowered buildings, or Contaminate may cause inaccurate times.
  • Supply counts are checked every 10 seconds.